 Dungeon Crawl Stone Soup version 0.24-a0-486-ged8816983f (webtiles) character file.

Game seed: 1495426908795837404

95 forest the Sneak (level 4, 0/22 HPs)
             Began as a Spriggan Assassin on July 9, 2019.
             Succumbed to Robin's poison
             ... on level 1 of the Dungeon.
             The game lasted 00:04:09 (1739 turns).

forest the Sneak (Spriggan Assassin)                Turns: 1739, Time: 00:04:09

Health: 0/22       AC:  4    Str:  8    XL:     4   Next: 39%
Magic:  5/5        EV: 18    Int: 12    God:
Gold:   42         SH:  0    Dex: 17    Spells: 3/3 levels left

rFire    + . .     SeeInvis +   a - +2 dagger
rCold    . . .     Gourm    .   (shield restricted)
rNeg     . . .     Faith    .   j - +1 robe {rF+}
rPois    .         Spirit   .   (helmet restricted)
rElec    .         Reflect  .   c - +0 cloak
rCorr    .         Harm     .   (gloves unavailable)
MR       .....                  (boots unavailable)
Stlth    ++++......             (no amulet)
HPRegen  0.07/turn              i - ring of flight
MPRegen  0.09/turn              (no ring)

@: lethally poisoned (0 -> -18), about to teleport, very quick
A: very small, unfitting armour, see invisible, herbivore, speed 3, slow
metabolism 2
a: Evoke Flight


You were on level 1 of the Dungeon.
You were not hungry.

You visited 1 branch of the dungeon, and saw 2 of its levels.

You collected 42 gold pieces.

Inventory:

Hand Weapons
 a - a +2 dagger (weapon)
 l - a +0 hunting sling
Missiles
 d - 4 poisoned darts (quivered)
 e - 2 curare-tipped darts
 g - 53 stones
Armour
 b - a +0 robe
 c - a +0 cloak (worn)
 j - a +1 robe of fire resistance (worn)
Jewellery
 i - a ring of flight (left hand)
Scrolls
 h - a scroll of teleportation
 k - a scroll of identify
 m - a scroll of fog
Comestibles
 f - 2 rations


   Skills:
 + Level 1.6 Fighting
 + Level 3.2 Short Blades
 + Level 2.3 Throwing
 + Level 2.6 Dodging
 + Level 7.6 Stealth


You had 3 spell levels left.
You didn't know any spells.
Your spell library was empty.

Dungeon Overview and Level Annotations

Branches:
Dungeon (2/15)

Altars:


Innate Abilities, Weirdness & Mutations

You are very small and have problems with some larger weapons.
You are too small for most types of armour.
You have supernaturally acute eyesight. (SInv)
You are a herbivore.
You cover ground extremely quickly.
You need to consume almost no food.


Message History

* * * LOW HITPOINT WARNING * * *
You feel sick.
The centaur zombie completely misses you.
* * * LOW HITPOINT WARNING * * *
You feel sick. The centaur zombie barely misses you.
You climb upwards.
* * * LOW HITPOINT WARNING * * *
You feel sick.
There is a stone staircase leading down here.
You aren't carrying any potions.
There is a lethal amount of poison in your body!
You aren't carrying any potions.
As you read the scroll labeled ROUCZO OWAD, it crumbles to dust.
You feel strangely unstable.
It was a scroll of teleportation.
* * * LOW HITPOINT WARNING * * *
You feel sick.
As you read the scroll labeled ZIODWE KIOPECS, it crumbles to dust.
It is a scroll of identify.
m - a scroll of fog You die...

.....#.#...##.##.#
####.#.#...##..#.#
.....#.#...#.....#
####.#.#.###.#.#.#
#.#.#.# #.#.#.#
###...#.###.#...#
#.....#†....#...#
#.############.)#
#.............#@#
#############.#÷#
#.#.# #.#.# #.#.#
#.#.# #...# #####


There were no monsters in sight!

Vanquished Creatures
  Robin (D:2)
  2 adders (D:2)
  An ooze (D:1)
  2 dart slugs (D:1)
  A leopard gecko (D:2)
  A giant cockroach (D:1)
  9 hobgoblins
  4 jackals
  2 kobolds (D:1)
  A ball python (D:1)
  6 bats
  16 goblins
  6 rats
52 creatures vanquished.

Notes
Turn   | Place    | Note
-------+----------+-------------------------------------------
     0 | D:1      | forest the Spriggan Assassin began the quest for the Orb.
     0 | D:1      | Reached XP level 1. HP: 10/10 MP: 2/2
    43 | D:1      | Reached skill level 6 in Stealth
   276 | D:1      | Reached XP level 2. HP: 4/14 MP: 3/3
   982 | D:1      | Reached skill level 7 in Stealth
   982 | D:1      | Reached XP level 3. HP: 18/18 MP: 4/4
  1350 | D:1      | Reached XP level 4. HP: 9/22 MP: 5/5
  1549 | D:2      | Noticed Robin
  1734 | D:2      | Killed Robin
  1739 | D:1      | Succumbed to Robin's poison

Levels and vault maps discovered:
D:1:      dpeg_arrival_line_fractal, layout_basic
D:2:      layout_basic, led_sif_pool, zin_statuary,
          chequers_ecumenical_altar_simple, first_ration, serial_forest,
          infiniplex_forest_clump_double, infiniplex_forest_clump_curved,
          infiniplex_forest_lined_2, infiniplex_forest_clump_small, uniq_robin,
          uniq_crazy_yiuf_cottage

Skill      XL: |  1  2  3 |
---------------+----------+-----
Stealth        | 6 7 |  7.6
Short Blades   | 3 |  3.2
Dodging        | 2 |  2.6
Fighting       | |  1.6
Throwing       | |  2.3

Action                   |  1- 3 |  4- 6 || total
-------------------------+-------+-------++-------
Melee: Dagger            |   137 |    39 ||   176
Throw: Dart              |    11 |     2 ||    13
  Use: Scroll            |       |     2 ||     2
 Stab: Sleeping          |    10 |       ||    10
Armor: Robe              |    28 |     6 ||    34
Dodge: Dodged            |   130 |    23 ||   153

Table legend:
 A = Non-vault XP
 B = Vault XP
 C = Vault XP percentage of total XP
 D = Non-vault monster count
 E = Vault monster count
 F = Vault count percentage of total count
                 A         B        C        D         E       F
            +---------+---------+-------+---------+---------+-------
      Total |     101 |      35 |  25.7 |      40 |      12 |  23.1
            +---------+---------+-------+---------+---------+-------
        D:1 |      58 |       2 |   3.3 |      29 |       1 |   3.3
        D:2 |      43 |      33 |  43.4 |      11 |      11 |  50.0
            +---------+---------+-------+---------+---------+-------
